 Dungeon Crawl Stone Soup version 0.29-a0-392-g297d3b089c (webtiles) character file.

Game seed: 17677954728395250792

180 quokkamancerX the Ogre Mage (level 5, 0/45 HPs)
             Began as an Ogre Fire Elementalist on May 8, 2022.
             Slain by an orc priest
             ... wielding a +0 short sword
              (1 damage)
             ... on level 4 of the Dungeon.
             The game lasted 00:12:51 (2975 turns).

quokkamancerX the Ogre Mage (OgFE)                  Turns: 2975, Time: 00:12:51

Health: 0/45       AC:  9    Str: 12    XL:     5   Next: 60%
Magic:  5/12       EV: 10    Int: 18    God:
Gold:   144        SH:  0    Dex: 11    Spells: 12/13 levels left

rFire   . . .      SeeInvis .   n - +7 hunting sling "Gaevyuk" {vorpal, rC+ rCorr Dex+2}
rCold   + . .      Faith    .   (no shield)
rNeg    . . .      Spirit   .   a - +0 robe
rPois   .          Reflect  .   (helmet restricted)
rElec   .          Harm     .   m - +1 cloak
rCorr   +          Rampage  .   (gloves unavailable)
Will    .....                   (boots unavailable)
Stlth   ++........              (no amulet)
HPRegen 0.15/turn               e - +4 ring of protection
MPRegen 0.13/turn               (no ring)

@: no status effects
A: large, unfitting armour, tough skin 1
a: no special abilities


You were on level 4 of the Dungeon.
You visited 1 branch of the dungeon, and saw 4 of its levels.

You collected 144 gold pieces.

Inventory:

Hand Weapons
 n - the +7 hunting sling "Gaevyuk" (weapon) {vorpal, rC+ rCorr Dex+2}
   (You found it on level 2 of the Dungeon)

   Any ammunition fired from it inflicts extra damage upon your enemies.
   Dex:       It affects your dexterity (+2).
   rC:        It protects you from cold.
   rCorr:     It protects you from acid and corrosion.
Armour
 a - a +0 robe (worn)
 m - a +1 cloak (worn)
Jewellery
 e - a +4 ring of protection (left hand)
Scrolls
 c - a scroll of torment {unknown}
 w - 2 scrolls of enchant weapon
Potions
 b - 2 potions of magic
 f - a potion of resistance {unknown}
 h - 2 potions of attraction {unknown}
 i - 3 potions of lignification
 k - 2 potions of cancellation {unknown}
 l - 2 potions of might {unknown}
 p - a potion of mutation {unknown}


   Skills:
 - Level 1.7 Dodging
 - Level 1.4 Stealth
 + Level 4.7 Spellcasting
 - Level 0.8 Conjurations
 + Level 4.3 Fire Magic


You had 12 spell levels left.
You knew the following spells:

 Your Spells              Type           Power      Damage    Failure   Level
a - Foxfire               Conj/Fire      52%        2x1d6     4%          1

Your spell library contained the following spells:

 Spells                   Type           Power      Damage    Failure   Level
 Scorch                   Fire           38%        2d7       3%          2
 Conjure Flame            Conj/Fire      13%        6-21      14%         3
 Inner Flame              Hex/Fire       12%        N/A       17%         3
 Corpse Rot               Necr/Air       8%         N/A       21%         2
 Poisonous Vapours        Pois/Air       8%         N/A       21%         2
 Ignite Poison            Fire/Tmut/Pois 9%         N/A       22%         3
 Flame Wave               Conj/Fire      13%        2d6       43%         4
 Sticky Flame             Conj/Fire      13%        2d4       43%         4


Dungeon Overview and Level Annotations

Branches:
Dungeon (4/15)
 Temple: D:4-7

Altars:


Innate Abilities, Weirdness & Mutations

You are too large for most types of armour.
You have tough skin. (AC +1)


Message History

The foxfire hits the orc priest.
The orc priest is almost dead.
The orc priest invokes the aid of Beogh against you.
Beogh smites you!
* * * LOW HITPOINT WARNING * * *
Casting: Foxfire (safe; 4% risk of failure)
Confirm with . or Enter, or press ? or * to list all spells.
You conjure some foxfire!
The foxfire hits the orc wizard.
The orc wizard is lightly wounded.
The foxfire hits the orc wizard.
The orc wizard is moderately wounded.
The orc priest calls upon Beogh to heal the orc wizard.
The orc wizard's wounds heal themselves!
Casting: Foxfire (safe; 4% risk of failure)
Confirm with . or Enter, or press ? or * to list all spells.
You conjure some foxfire!
The orc priest calls down the wrath of Beogh upon you.
Beogh smites you!
* * * LOW HITPOINT WARNING * * *
The foxfire hits the orc wizard.
The orc wizard is lightly wounded.
The foxfire hits the orc wizard.
The orc wizard is lightly wounded.
The orc wizard hits you but does no damage.
Casting: Foxfire (safe; 4% risk of failure)
Confirm with . or Enter, or press ? or * to list all spells.
You conjure some foxfire!
The orc wizard hits you with a +0 dagger.
* * * LOW HITPOINT WARNING * * *
The foxfire hits the orc priest but does no damage.
The orc priest is almost dead.
The foxfire hits the orc wizard but does no damage.
The orc wizard is lightly wounded.
The orc wizard hits you but does no damage.
Casting: Foxfire (safe; 4% risk of failure)
Confirm with . or Enter, or press ? or * to list all spells.
You conjure some foxfire!
The orc wizard barely misses you.
The orc priest hits you with a +0 short sword.
You die...

########## #........#
#........########
+........#......#
#.....≈.)#.....# ##
#v..)≈..≈......# .#
#@o...≈.≈......# .#
#vo.≈≈≈≈≈≈≈.#### .#
#......###..# .#######
#......'.......
.......#
#.....[#........
.......#########......#
........
....<..#.......#......#
.......
.......'.......#......#
.......
.......#.......#......#


You could see an orc priest and an orc wizard (ally target).

Vanquished Creatures
  A howler monkey (D:4)
  An iguana (D:4)
  2 adders
  3 worms
  2 dart slugs
  8 orcs
  5 endoplasms
  4 giant cockroaches
  7 goblins
  4 hobgoblins
  6 jackals
  3 quokkas
  5 ball pythons
  2 bats
  A frilled lizard (D:2)
  12 kobolds
  6 rats
72 creatures vanquished.

Vanquished Creatures (others)
  108 foxfires
108 creatures vanquished.

Grand Total: 180 creatures vanquished

Notes
Turn   | Place    | Note
-------+----------+-------------------------------------------
     0 | D:1      | quokkamancerX the Ogre Fire Elementalist began the quest
                  | for the Orb.
     0 | D:1      | Reached XP level 1. HP: 16/16 MP: 3/3
   148 | D:1      | Reached XP level 2. HP: 17/24 MP: 0/5
   915 | D:2      | Reached XP level 3. HP: 31/31 MP: 3/7
  1109 | D:2      | Found a faded altar of an unknown god.
  1461 | D:2      | Identified the +7 hunting sling "Gaevyuk" {vorpal, rC+
                  | rCorr Dex+2}
  1723 | D:2      | Reached XP level 4. HP: 39/39 MP: 9/9
  2686 | D:4      | Reached XP level 5. HP: 40/45 MP: 6/11
  2971 | D:4      | HP: 1/45 [orc priest/divine providence (8)]
  2975 | D:4      | Slain by an orc priest

Illustrated notes

Levels and vault maps discovered:
D:1:      dpeg_arrival_arbitrary_a, layout_basic
D:2:      minmay_general_purpose_star, layout_loops_ring,
          hellmonk_ecumenical_altar_zigzags, grunt_ministairs_6
D:3:      layout_rooms
D:4:      layout_gridville, portal_sewer_entry_e, chequers_serial_rivers_micro_e

Skill      XL: |  1  2  3  4 |
---------------+-------------+-----
Fire Magic     | 3 4 |  4.3
Spellcasting   | 3 4 |  4.7
Dodging        | |  1.7
Stealth        | |  1.4
Conjurations   | |  0.8

Action                   |  1- 3 |  4- 6 || total
-------------------------+-------+-------++-------
Melee: Whip              |    16 |       ||    16
       Short sword       |    23 |       ||    23
 Fire: Hunting sling     |    17 |    58 ||    75
Throw: Stone             |     1 |       ||     1
 Cast: Foxfire           |    43 |    22 ||    65
  Use: Scroll            |       |     6 ||     6
 Stab: Sleeping          |     1 |       ||     1
Armor: Robe              |    33 |    18 ||    51
Dodge: Dodged            |    45 |    13 ||    58

Table legend: (Time is in decaauts)
 A = Elapsed time spent in this place.
 B = Non-inter-level travel time spent in this place.
 C = Inter-level travel time spent in this place.
 D = Time resting spent in this place.
 E = Time spent auto-exploring this place.
 F = Levels seen in this place.
 G = Mean time per level.
                   A        B        C        D        E       F      G
               +--------+--------+--------+--------+--------+-----+--------+
         Total |   3021 |   2839 |    182 |    470 |   1447 |   4 |  755.2 |
       Dungeon |   3021 |   2839 |    182 |    470 |   1447 |   4 |  755.2 |
               +--------+--------+--------+--------+--------+-----+--------+

Top non-repeatable levels by time:
     D:2: 1292 daAuts
     D:1: 818 daAuts
     D:3: 653 daAuts
     D:4: 256 daAuts
